 Dungeon Crawl Stone Soup version 0.31.0-32-g396128a36d (webtiles) character file.

Game seed: 11912865648357513852

30863 mainiacjoe the Summoner (level 12, -4/75 (87) HPs)
             Began as an Octopode Summoner on Mar 24, 2024.
             Was a High Priest of Ru.
             Killed from afar by an ice statue (17 damage)
             ... with a shard of ice
             ... in an ice cave.
             The game lasted 01:08:52 (18139 turns).

mainiacjoe the Summoner (Octopode Summoner)        Turns: 18139, Time: 01:08:53

HP:   -4/75 (87)    AC:  3    Str:  5    XL:     12   Next: 54%
MP:   26/26         EV: 17    Int: 28    God:    Ru [*****.]
Gold: 238           SH:  0    Dex: 12    Spells: 0/18 levels left

rFire   x . .        a - +3 demon blade (vamp)
rCold   + + .        R - +2 hat {Int+3}
rNeg    . . .        m - amulet of regeneration
rPois   .            e - ring of protection from fire
rElec   .            l - ring "Toacunij" {Fly Str-3 Int+3 SInv Stlth+}
rCorr   .            r - ring of magical power
SInv    +            i - ring of ice
Will    .....        O - ring of ice Stlth
                     (no ring)
HPRegen 1.12/turn    (no ring)
MPRegen 0.20/turn

%: no passive effects
@: flying, heavily drained
A: almost no armour, amphibious, 7 rings, camouflage 1, gelatinous body 1,
missing a hand, no stealth, inexperienced 1, (nimble swimmer 1), tentacles
a: Renounce Religion, Draw Out Power, Power Leap, Apocalypse


You were in an ice cave.
You worshipped Ru.
Ru was extremely pleased with you.
You visited 3 branches of the dungeon, and saw 16 of its levels.
You also visited: Ice Cave and Volcano.

You collected 844 gold pieces.
You spent 606 gold pieces at shops.

Inventory:

Hand Weapons
 a - a +3 vampiric demon blade (weapon)
 b - a +0 sling
 s - a +1 short sword of draining
 t - a +2 trident of flaming
 B - a -1 hand cannon of draining
 C - a +3 long sword of flaming
 K - a +4 trident of draining
 T - the +6 dagger "Jiwoilad" {drain, rElec rPois Int+3}
   (You found it on level 3 of the Lair of Beasts)

   Int+3:     It affects your intelligence (+3).
   rElec:     It insulates you from electricity.
   rPois:     It protects you from poison
Missiles
 c - 156 stones
 j - 10 boomerangs
 n - a throwing net {=F}
 q - 43 poisoned darts
 U - 4 javelins
Armour
 R - a +2 hat of intelligence (worn)
Magical Staves
 p - a staff of alchemy
Jewellery
 e - a ring of protection from fire (left tentacle)
 i - a ring of ice (on tentacle)
 l - the ring "Toacunij" (right tentacle) {Fly Str-3 Int+3 SInv Stlth+}
   (You acquired it on level 2 of the Dungeon)

   [ring of flight]

   Str-3:     It affects your strength (-3).
   Int+3:     It affects your intelligence (+3).
   SInv:      It lets you see invisible.
   Fly:       It grants you flight.
   Stlth+:    It makes you more stealthy.
 m - an amulet of regeneration (around mantle)
 r - a ring of magical power (on tentacle)
 O - a ring of ice (on tentacle)
Wands
 x - a wand of flame (15)
 A - a wand of iceblast (13)
 F - a wand of paralysis (18)
 G - a wand of polymorph (2)
 H - a wand of mindburst (17)
 V - a wand of light (2)
Scrolls
 d - 3 scrolls of teleportation
 h - a scroll of revelation
 u - a scroll of vulnerability
 w - a scroll of silence
 y - a scroll of torment
 E - 5 scrolls of identify
 N - 2 scrolls of fear
 P - a scroll of blinking
 Q - 2 scrolls of fog
 W - 2 scrolls of enchant armour
Potions
 f - a potion of magic
 g - 3 potions of heal wounds
 k - 4 potions of attraction
 o - a potion of mutation
 v - a potion of ambrosia
 z - 7 potions of curing
 D - 4 potions of lignification
 I - a potion of cancellation
 J - 2 potions of enlightenment
 M - a potion of haste
 S - 2 potions of might
Miscellaneous
 L - a phantom mirror


   Skills:
 - Level 10.0 Fighting
 - Level 8.0 Long Blades
 - Level 10.0 Dodging
 + Level 3.9 Spellcasting
 + Level 14.5 Summonings
 - Level 4.0 Translocations
 - Level 4.0 Air Magic
 - Level 5.0 Evocations


You couldn't memorise any spells.
You knew the following spells:

 Your Spells              Type           Power      Damage    Failure   Level
a - Summon Forest         Summ/Tloc      27%        N/A       4%          5
b - Martyr's Knell        Necr/Summ      46%        N/A       3%          4
c - Call Canine Familiar  Summ           72%        N/A       1%          3
d - Summon Lightning Spi  Summ/Air       55%        N/A       1%          4
e - Call Imp              Summ           100%       N/A       1%          2

Your spell library contained the following spells:

 Spells                   Type           Power      Damage    Failure   Level
 Apportation              Tloc           54%        N/A       1%          1
 Summon Small Mammal      Summ           100%       N/A       1%          1
 Summon Blazeheart Golem  Fire/Summ      46%        N/A       3%          4
 Cigotuvi's Dreadful Rot  Necr/Alch/Air  26%        N/A       7%          2
 Volatile Blastmotes      Fire/Tloc      32%        2d12      10%         3
 Jinxbite                 Hex            10%        N/A       12%         2
 Mephitic Cloud           Conj/Alch/Air  13%        N/A       13%         3
 Passage of Golubria      Tloc           27%        N/A       14%         4
 Summon Hydra             Summ           36%        N/A       16%         7
 Dazzling Flash           Conj/Hex       10%        N/A       22%         3
 Tukima's Dance           Hex            5%         N/A       22%         3
 Iskenderun's Mystic Bla  Conj/Tloc      16%        2d5       32%         4
 Brom's Barrelling Bould  Conj/Erth      5%         2d3       58%         4
 Dispel Undead            Necr           5%         3d7       58%         4
 Fulminant Prism          Conj/Alch      2%         3d5       58%         4
 Ignite Poison            Fire/Alch      5%         N/A       58%         4
 Silence                  Hex/Air        8%         N/A       67%         5
 Freezing Cloud           Conj/Ice/Air   14%        6-21      77%         5
 Alistair's Intoxication  Alch           3%         N/A       91%         5
 Curse of Agony           Necr           5%         N/A       91%         5
 Fireball                 Conj/Fire      2%         3d4       91%         5
 Iskenderun's Battlesphe  Conj           5%         2d6       91%         5
 Yara's Violent Unravell  Hex/Alch       2%         3d3       91%         5
 Conjure Ball Lightning   Conj/Air       8%         3x3d6     99%         6
 Death Channel            Necr           2%         N/A       100%        6
 Eringya's Noxious Bog    Alch           2%         4d6       100%        6
 Starburst                Conj/Fire      2%         6d3       100%        6
 Orb of Destruction       Conj           2%         9d5       100%        7
 Maxwell's Capacitive Co  Air            13%        ∞         100%        8


Dungeon Overview and Level Annotations

Branches:
Dungeon (10/15)            Temple (1/1) D:4            Lair (5/5) D:9
 Shoals (0/4) Lair:3        Snake (0/4) Lair:3        IceCv (1/1)
Volcano (visited)
  Slime: Lair:4-5       Orc: D:9-12

Altars:
Ashenzari
Cheibriados
Dithmenos
Elyvilon
Fedhas
Gozag
Hepliaklqana
Kikubaaqudgha
Makhleb
Nemelex Xobeh
Okawaru
Qazlal
Ru
Sif Muna
Trog
Uskayaw
Vehumet
Wu Jian
Xom
Yredelemnul
Zin
The Shining One

Shops:
D:2 (   D:5 :   D:8 :(!(*

Annotations:
D:5 3 runed translucent doors, exclusion: 3 doors, spaghetti's ghost, novice DEBe
D:7 1 exclusion
D:10 3 runed translucent doors, exclusion: ice statue
Lair:1 2 transporters, brilapsti's ghost, journeyman DrCj
Lair:2 3 runed translucent doors, exclusions: 3 doors and 1 more exclusion, Zonian's ghost, journeyman GnHu IceCv exclusion: ice statue


Innate Abilities, Weirdness & Mutations

You cannot wear most types of armour.
You are amphibious.
You can wear up to seven rings at the same time.
Your skin changes colour to match your surroundings (Stealth+).
Your rubbery body absorbs attacks. (AC +1, EV +1)
You are missing a hand.
You cannot be stealthy.
You are somewhat inexperienced. (-1 XL)
((You are camouflaged when in or above water. (Stealth+)))
You have tentacles for arms and can constrict up to seven enemies at once.


Message History

The ice statue is severely damaged.
The ice beast misses you.
The ice statue glitters chillingly in the dim dungeon light.
The ice statue gestures at you. The shard of ice hits you!
You partially resist.
You hit the ice statue but do no damage.
The ice statue is severely damaged.
The ice beast hits you. The ice beast freezes you. You resist.
The ice statue gestures at you. The freezing blast engulfs you. You resist.
You hit the ice statue.
You squeeze the ice statue, but do no damage.
The ice statue is severely damaged.
You are engulfed in freezing vapours.
You resist. The ice beast closely misses you.
You slash the ice statue!
You squeeze the ice statue, but do no damage.
The ice statue is almost destroyed.
You are engulfed in freezing vapours.
You resist.
The ice beast is stunned by your conviction and fails to attack.
The ice beast closely misses you. The ice statue gestures at you.
The freezing blast misses you.
You hit the ice statue but do no damage.
The ice statue is almost destroyed.
You are engulfed in freezing vapours.
You resist.
* * * LOW HITPOINT WARNING * * *
The ice beast hits you.
* * * LOW HITPOINT WARNING * * *
The ice beast freezes you. You resist.
* * * LOW HITPOINT WARNING * * *
You redirect the ice beast's attack!
The ice beast hits the ice beast but does no damage.
You hit the ice statue.
The ice statue is almost destroyed.
You are engulfed in freezing vapours.
You resist.
* * * LOW HITPOINT WARNING * * *
The ice statue gestures at you. The shard of ice hits you!
You partially resist.
You die...

#....## #..⌠..###..##
...### ##[.)#.#.##.##
.#########
######.###.≈#
...##....### ######≈≈#
###....#...###
#≈≈#≈≈≈##
#######....####≈≈≈###
####...###≈≈≈# ##
#..Y##.### .###
#.Y@○.## #Y.#
##..8○°#.##
..##########..°°.###.##
#.Y.##.Y†##...#####.#.#
####Y..##...### ##.##
########## ###


You could see an ice statue and 2 ice beasts.

Vanquished Creatures
  Fannar (Lair:1)
  A boulder beetle (Lair:3)
  2 bog bodies (IceCv)
  A meliai (D:9)
  An elephant (D:9)
  A black mamba (Lair:3)
  4 cane toads
  A gargoyle (D:7)
  2 komodo dragons
  An ice devil (Lair:5)
  An anaconda simulacrum (IceCv)
  2 blink frogs (Lair:2)
  A dire elephant simulacrum (IceCv)
  4 yaks
  4 fire bats (Volcano)
  A basilisk (Lair:1)
  2 steam dragons (D:8)
  3 harpy simulacra (IceCv)
  7 water moccasins
  4 wolves
  A centaur (D:10)
  3 kobold brigands
  A scorpion (D:7)
  5 bullfrogs
  2 electric eels (Lair:3)
  2 bombardier beetles (D:5)
  A lava snake (Volcano)
  An orc priest (D:10)
  A polar bear simulacrum (IceCv)
  2 spriggan simulacra (IceCv)
  A wolf simulacrum (IceCv)
  A nameless horror (Lair:1)
  A gnoll (D:5)
  2 adders (D:2)
  4 naga simulacra (IceCv)
  3 white imps
  4 ufetubi (IceCv)
  3 dart slugs
  4 orcs
  6 bats
  6 endoplasms
  3 giant cockroaches
  4 goblins
  A hobgoblin (D:1)
  9 kobolds
  2 quokkas
  2 ball pythons
  2 frilled lizards (D:1)
  2 rats (D:3)
123 creatures vanquished.

Vanquished Creatures (collateral kills)
  Gastronok (Lair:3)
  A hydra (Lair:5)
  6 death yaks (Lair:4)
  Maurice (D:7)
  Joseph (D:7)
  A black mamba (Lair:5)
  11 cane toads
  Maggie (D:6)
  3 komodo dragons
  An ice devil (Lair:5)
  2 red devils (Volcano)
  A blink frog (Lair:2)
  A snapping turtle (Lair:3)
  Grinder (D:3)
  Sigmund (D:6)
  A water elemental (Lair:3)
  2 dire elephant simulacra (IceCv)
  16 yaks
  4 fire bats
  6 wyverns
  3 basilisks
  A death yak simulacrum (IceCv)
  A steam dragon (D:8)
  2 nagas (Lair:3)
  An acid dragon (D:10)
  8 water moccasins
  6 orc warriors
  2 wolves
  An ogre (D:4)
  2 centaurs
  3 kobold brigands
  A phantom (D:4)
  6 bullfrogs
  3 scorpions
  4 two-headed ogre simulacra (IceCv)
  A cane toad simulacrum (IceCv)
  An elephant simulacrum (IceCv)
  8 killer bees
  2 howler monkeys (D:8)
  A bombardier beetle (D:7)
  A lava snake (Volcano)
  2 orc priests
  A jelly (D:7)
  A gnoll bouda (D:5)
  3 hounds
  7 orc wizards
  4 troll simulacra (IceCv)
  2 polar bear simulacra (IceCv)
  A wolf simulacrum (IceCv)
  4 spriggan simulacra (IceCv)
  10 gnolls
  6 adders
  5 naga simulacra (IceCv)
  4 white imps (IceCv)
  2 ufetubi (D:5)
  2 ribbon worms (D:2)
  23 orcs
  2 ball pythons (D:2)
  An endoplasm (D:1)
  2 goblins (D:1)
  2 hobgoblins
  4 jackals (D:3)
  2 frilled lizards (D:1)
  17 kobolds
  A rat (D:3)
  2 butterflies (Lair:2)
230 creatures vanquished.

Vanquished Creatures (others)
  A bullfrog (Lair:2)
  A snaplasher vine (Lair:4)
2 creatures vanquished.

Grand Total: 355 creatures vanquished

Notes
Turn   | Place    | Note
-------+----------+-------------------------------------------
     0 | D:1      | mainiacjoe the Octopode Summoner began the quest for the
                  | Orb.
     0 | D:1      | Reached XP level 1. HP: 11/11 MP: 3/3
   211 | D:1      | Reached XP level 2. HP: 18/18 MP: 1/5
   218 | D:1      | Learned a level 2 spell: Call Imp
  1207 | D:1      | Reached skill level 1 in Fighting
  1207 | D:1      | Reached skill level 1 in Air Magic
  1207 | D:1      | Reached XP level 3. HP: 23/23 MP: 2/6
  1373 | D:2      | Learned a level 3 spell: Call Canine Familiar
  1590 | D:2      | Reached XP level 4. HP: 28/28 MP: 1/7
  1881 | D:2      | Found Dunue's Weapon Boutique.
  1918 | D:2      | Identified a scroll of acquirement
  1918 | D:2      | Acquired the ring "Toacunij" {Fly Str-3 Int+3 SInv Stlth+}
  2443 | D:3      | Noticed Grinder
  2495 | D:3      | Killed Grinder
  2496 | D:3      | Reached skill level 5 in Summonings
  2496 | D:3      | Reached XP level 5. HP: 35/35 MP: 2/8
  2496 | D:3      | Reached XP level 6. HP: 41/41 MP: 2/9
  2685 | D:3      | Found a faded altar of an unknown god.
  3418 | D:4      | Found a staircase to the Ecumenical Temple.
  3430 | Temple   | Entered the Ecumenical Temple
  3455 | Temple   | Became a worshipper of Ru the Awakened
  3509 | D:4      | Reached skill level 6 in Summonings
  3509 | D:4      | Reached XP level 7. HP: 34/45 MP: 5/10
  4114 | D:4      | Identified the orb "Awuusol" {*channel, Int-3 Dex+6}
  4331 | D:5      | Entered Level 5 of the Dungeon
  4704 | D:5      | Found Kihiaw's Self-Published Books.
  4721 | D:5      | Reached XP level 8. HP: 53/53 MP: 11/11
  4739 | D:5      | Reached skill level 7 in Summonings
  4788 | D:5      | Learned a level 4 spell: Summon Lightning Spire
  5179 | D:5      | Found a runed translucent gate.
  5180 | D:5      | Found a runed translucent gate.
  5180 | D:5      | Found a runed translucent gate.
  5181 | D:5      | Noticed spaghetti's ghost (novice DEBe)
  5319 | D:6      | Gained mutation: You are missing a hand. [Ru sacrifice]
  5319 | D:6      | Reached * piety under Ru
  5319 | D:6      | Reached ** piety under Ru
  5319 | D:6      | Reached *** piety under Ru
  5392 | D:6      | Noticed Maggie
  5403 | D:6      | Noticed Sigmund
  5455 | D:6      | Killed Sigmund
  5580 | D:6      | Killed Maggie
  5581 | D:6      | Reached skill level 5 in Dodging
  5581 | D:6      | Reached skill level 8 in Summonings
  5875 | D:6      | Reached XP level 9. HP: 60/60 MP: 12/12
  5945 | D:6      | You are sucked into a shaft and drop 2 floors!
  5964 | D:8      | Reached skill level 5 in Fighting
  6253 | D:7      | Noticed Maurice
  6432 | D:7      | Noticed a gargoyle
  6445 | D:7      | Killed a gargoyle
  6446 | D:7      | Reached skill level 9 in Summonings
  7232 | D:8      | Reached skill level 10 in Summonings
  7286 | D:8      | Reached skill level 1 in Evocations
  7307 | D:8      | Found Awnoah's Lightly-Used Armoury.
  7314 | D:8      | Bought a -3 quick blade for 1 gold piece
  7314 | D:8      | Bought a -1 hand cannon for 1 gold piece
  7321 | D:8      | Acquired a +3 vampiric demon blade
  7552 | D:8      | Found a broken altar of Ashenzari.
  7562 | D:8      | Found a snail-covered altar of Cheibriados.
  7565 | D:8      | Found a white marble altar of Elyvilon.
  7565 | D:8      | Found a sparkling altar of Nemelex Xobeh.
  7572 | D:8      | Found a glowing silver altar of Zin.
  7667 | D:7      | Reached skill level 1 in Long Blades
  7667 | D:7      | Reached XP level 10. HP: 69/69 MP: 13/13
  7790 | D:7      | Killed Maurice
  7848 | D:7      | Noticed Joseph
  7859 | D:7      | Killed Joseph
  8001 | D:8      | Found Inotix's Book Shop.
  8008 | D:8      | Found Xeovvydack's Antique Weapon Shoppe.
  8008 | D:8      | Found Sidduruck's Antique Weapon Shoppe.
  8008 | D:8      | Found Kaimeble's Distillery.
  8029 | D:8      | Bought a potion of degeneration for 16 gold pieces
  8783 | D:9      | Noticed an elephant
  8802 | D:9      | Killed an elephant
  8909 | D:9      | Found a staircase to the Lair.
  9180 | D:9      | Reached skill level 5 in Evocations
  9247 | D:9      | Reached XP level 11. HP: 34/76 MP: 15/15
  9303 | D:9      | Noticed Jeremiah
  9306 | D:9      | Jeremiah changed into Jeremiah the meliai
  9306 | D:9      | Noticed Jeremiah
  9316 | D:9      | Killed Jeremiah the meliai
  9482 | D:10     | Entered Level 10 of the Dungeon
  9728 | D:10     | Gained mutation: You cannot be stealthy. [Ru sacrifice]
  9758 | D:10     | Reached skill level 5 in Long Blades
  9877 | D:10     | Found a runed translucent door.
  9929 | D:10     | Found a runed translucent door.
 10064 | D:10     | Found a runed translucent door.
 10084 | D:10     | Found a runed translucent door.
 10234 | Lair:1   | Entered Level 1 of the Lair of Beasts
 10558 | Lair:1   | Noticed Fannar
 10600 | Lair:1   | Killed Fannar
 11075 | Lair:1   | Found a transporter.
 11078 | Lair:1   | Noticed a great orb of eyes
 11081 | Lair:1   | Noticed a rakshasa
 11088 | Lair:1   | Noticed brilapsti's ghost (journeyman DrCj)
 11234 | Lair:1   | Found a transporter.
 11235 | Lair:1   | Noticed a white ugly thing
 11235 | Lair:1   | Noticed a cyan ugly thing
 11772 | Lair:2   | Found a dark tunnel.
 11803 | Volcano  | Entered a volcano
 12124 | Volcano  | Noticed a red ugly thing
 12126 | Volcano  | Noticed an orc sorcerer
 12308 | Lair:2   | Reached XP level 12. HP: 83/84 MP: 16/16
 12599 | D:8      | Bought a Fen Folio for 588 gold pieces
 12605 | D:8      | Learned a level 5 spell: Summon Forest
 12758 | Lair:2   | Reached skill level 10 in Fighting
 12758 | Lair:2   | Reached skill level 10 in Dodging
 12769 | Lair:2   | Reached skill level 1 in Translocations
 13131 | Lair:2   | Noticed an eight-headed hydra
 13308 | Lair:2   | Found a runed translucent gate.
 13308 | Lair:2   | Found a runed translucent gate.
 13308 | Lair:2   | Found a runed translucent gate.
 13309 | Lair:2   | Noticed a nine-headed hydra
 13310 | Lair:2   | Noticed Zonian's ghost (journeyman GnHu)
 13609 | Lair:3   | Noticed Gastronok
 13630 | Lair:3   | Killed Gastronok
 13824 | Lair:3   | Found a staircase to the Shoals.
 14054 | Lair:3   | Found a staircase to the Snake Pit.
 14120 | Lair:3   | Gained mutation: You are somewhat inexperienced. (-1 XL)
                  | [Ru sacrifice]
 14120 | Lair:3   | Reached XP level 11. HP: 81/81 MP: 24/24
 14120 | Lair:3   | Reached **** piety under Ru
 14120 | Lair:3   | Reached ***** piety under Ru
 14425 | Lair:3   | Reached skill level 11 in Summonings
 14556 | Lair:3   | Noticed a boulder beetle
 14584 | Lair:3   | Killed a boulder beetle
 14860 | Lair:3   | Identified the +6 dagger "Jiwoilad" {drain, rElec rPois
                  | Int+3}
 15289 | Lair:4   | Reached skill level 12 in Summonings
 15354 | Lair:4   | Noticed a death yak
 15354 | Lair:4   | Noticed a death yak
 15354 | Lair:4   | Noticed a death yak
 15355 | Lair:4   | Noticed a death yak
 15355 | Lair:4   | Noticed a death yak
 15356 | Lair:4   | Noticed a death yak
 15362 | Lair:4   | Killed a death yak
 15367 | Lair:4   | Killed a death yak
 15370 | Lair:4   | Killed a death yak
 15371 | Lair:4   | Reached XP level 12. HP: 83/87 MP: 2/16
 15373 | Lair:4   | Reached skill level 13 in Summonings
 15818 | Lair:5   | Entered Level 5 of the Lair of Beasts
 15934 | Lair:5   | Reached skill level 14 in Summonings
 15980 | Lair:5   | Found a frozen archway.
 16086 | IceCv    | Entered an ice cave
 17809 | IceCv    | Learned a level 4 spell: Martyr's Knell
 18139 | IceCv    | Killed from afar by an ice statue

Illustrated notes

Levels and vault maps discovered:
D:1:      minmay_arrival_solitary_statue, layout_basic
D:2:      layout_rooms, serial_shops, nicolae_square_shop
D:3:      layout_loops_corners, hellmonk_ecumenical_altar_crossroads,
          uniq_grinder
D:4:      layout_basic, minmay_temple_entry_large_hall
D:5:      layout_basic, ebering_ghost_rock_garden, nicolae_custom_books
D:6:      layout_loops_ring, nicolae_elevator_lobby_plus, uniq_sigmund,
          uniq_maggie
D:7:      cheibrodos_statue_roulette, layout_loops_cross,
          kennysheep_small_circle, uniq_joseph, uniq_maurice
D:8:      layout_basic, nicolae_overflow_hallway_of_the_gods,
          grunt_decor_mini_mirrors, amcnicky_mini_rare_corridor_liquid,
          chequers_jeans, minmay_liquid_box, minmay_shop_damaged,
          amcnicky_mini_pool_small, nicolae_wooded_promenade,
          grunt_ministairs_9, feat_on_display
D:9:      layout_roguey, david_lair_generic, uniq_jeremiah
D:10:     layout_rooms, minmay_statue_crystal_thing
Temple:   minmay_crystal_spiral_temple
Lair:1:   layout_chaotic_city, gammafunk_ghost_abyssal_escape, uniq_fannar
Lair:2:   layout_chaotic_city, nicolae_volcano_entry_batcave,
          gammafunk_ghost_hydra_chop, lemuel_fruit_fields, grunt_megastairs_1
Lair:3:   layout_cave_pods, minmay_shoals_entry_hut,
          guppyfry_snake_entry_island, infiniplex_staircase_pool_2,
          serial_bayou_shore_a, uniq_gastronok
Lair:4:   layout_misc_corridors, lemuel_fruit_tree
Lair:5:   evil_forest, layout_cave_shapes, nicolae_slime_entry_field_trip,
          portal_ice_cave_demonic_guard, minivault_25,
          dreamdust_mushroom_princess, fungi_pond_lemuel
IceCv:    ice_cave_caverns_01

Skill      XL: |  1  2  3  4  5  6  7  8  9 10 11 12 |
---------------+-------------------------------------+-----
Fighting       | 1 2 3 4 6 7 9 10 | 10.0
Air Magic      | 1 2 3 4 |  4.0
Dodging        | 3 4 5 6 7 9 10 | 10.0
Summonings     | 5 6 8 10 12 14 | 14.5
Evocations     | 1 5 |  5.0
Long Blades    | 1 4 7 8 |  8.0
Spellcasting   | 3 |  3.9
Stealth        | 0 |  0.0
Translocations | 4 3 |  4.0

Action                     |  1- 3 |  4- 6 |  7- 9 | 10-12 || total
---------------------------+-------+-------+-------+-------++-------
  Melee: Unarmed           |     3 |       |       |       ||     3
         Constrict         |     3 |     3 |     4 |    39 ||    49
         Short sword       |     8 |    12 |     3 |       ||    23
         Long sword        |       |       |    14 |       ||    14
         Tentacles         |       |       |     6 |    85 ||    91
         Demon blade       |       |       |     6 |   264 ||   270
         Punch             |       |       |       |     6 ||     6
         Trident           |       |       |       |    25 ||    25
   Fire: Sling             |    47 |    34 |    20 |     4 ||   105
         Shortbow          |       |       |    41 |       ||    41
  Throw: Boomerang         |       |     3 |       |       ||     3
         Dart              |       |       |     5 |     2 ||     7
   Cast: Summon Small Mamm |    25 |     7 |       |       ||    32
         Call Imp          |     8 |    10 |    22 |    31 ||    71
         Call Canine Famil |     2 |     9 |    20 |    68 ||    99
         Summon Lightning  |       |       |    22 |    93 ||   115
         Summon Forest     |       |       |       |    19 ||    19
         Martyr's Knell    |       |       |       |     2 ||     2
 Invoke: Sacrifice a Hand  |       |       |     1 |       ||     1
         Draw Out Power    |       |       |       |     5 ||     5
         Apocalypse        |       |       |       |     3 ||     3
         Sacrifice Stealth |       |       |       |     1 ||     1
         Sacrifice Experie |       |       |       |     1 ||     1
  Evoke: Wand              |       |       |       |    10 ||    10
         Phantom mirror    |       |       |       |     1 ||     1
    Use: Scroll            |     3 |     6 |     8 |    11 ||    28
         Potion            |       |       |       |     4 ||     4
   Stab: Sleeping          |       |     3 |       |       ||     3
         Distracted        |       |     1 |     1 |     6 ||     8
         Invisible         |       |       |       |     3 ||     3
 Armour: Skin              |    21 |    24 |    36 |   234 ||   315
  Dodge: Dodged            |    24 |    22 |    47 |   321 ||   414
